 Dungeon Crawl Stone Soup version 0.30.0-5-g1a98f26d00 (webtiles) character file.

Game seed: 2624468262154476736

119 fozzywoppz the Sneak (level 4, 0/21 HPs)
             Began as a Spriggan Enchanter on May 8, 2023.
             Killed from afar by an orc wizard (8 damage)
             ... with a magic dart
             ... on level 3 of the Dungeon.
             The game lasted 00:05:52 (2211 turns).

fozzywoppz the Sneak (Spriggan Enchanter)           Turns: 2211, Time: 00:05:53

Health: 0/21       AC:  2    Str:  4    XL:     4   Next: 74%
Magic:  2/10       EV: 18    Int: 16    God:
Gold:   94         SH:  0    Dex: 17    Spells: 2/10 levels left

rFire   . . .        a - +1 dagger
rCold   . . .        (no shield)
rNeg    . . .        b - +0 robe
rPois   .            (helmet restricted)
rElec   .            (no cloak)
rCorr   .            (gloves unavailable)
SInv    +            (boots unavailable)
Will    .....        (no amulet)
Stlth   +++          (no ring)
HPRegen 0.23/turn    (no ring)
MPRegen 0.12/turn

%: no passive effects
@: very quick
A: very small, no large weapons, unfitting armour, see invisible, speed 3
a: no special abilities


You were on level 3 of the Dungeon.
You visited 1 branch of the dungeon, and saw 3 of its levels.

You collected 114 gold pieces.
You spent 20 gold pieces at shops.

Inventory:

Hand Weapons
 a - a +1 dagger (weapon)
Missiles
 g - 4 poisoned darts (quivered)
Armour
 b - a +0 robe (worn)
Scrolls
 h - a scroll of fog {unknown}
 m - a scroll of enchant armour {unknown}
 n - a scroll of blinking {unknown}
Potions
 c - 3 potions of invisibility
 e - a potion of heal wounds
 f - a potion of degeneration
 i - a potion of attraction
 j - a potion of cancellation
 k - a potion of magic
 l - a potion of curing


   Skills:
 + Level 2.3 Short Blades
 + Level 3.8 Dodging
 + Level 5.5 Stealth
 + Level 3.6 Spellcasting
 + Level 4.3 Hexes


You had 2 spell levels left.
You knew the following spells:

 Your Spells              Type           Power      Damage    Failure   Level
a - Ensorcelled Hibernat  Hex/Ice        18%        N/A       11%         2
b - Confusing Touch       Hex            16%        N/A       9%          3
c - Tukima's Dance        Hex            16%        N/A       9%          3

Your spell library contained the following spells:

 Spells                   Type           Power      Damage    Failure   Level
 Dazzling Flash           Conj/Hex       18%        N/A       22%         3


Dungeon Overview and Level Annotations

Branches:
Dungeon (3/15)

Altars:

Shops:
D:3 ??*


Innate Abilities, Weirdness & Mutations

You are very small and have problems with some larger weapons.
You are too small for most types of armour.
You have supernaturally acute eyesight. (SInv)
You cover ground extremely quickly. (Speed+++)


Message History

The orc closely misses you.
You bump into the rock wall.
The orc hits you but does no damage.
The orc wizard hits you but does no damage.
You're too confused to cast spells.
Sorry, you're not good enough to have a special ability.
You bump into the rock wall.
The orc wizard hits you with a +0 dagger.
The orc completely misses you.
Unknown command.
You bump into the rock wall.
The orc wizard misses you. The orc misses you.
Things that are here:
a +0 hand axe; a +0 scale mail; an orc corpse You bump into the rock wall.
You closely miss the orc wizard.
The orc wizard is lightly wounded.
The orc wizard hits you with a +0 dagger.
You bump into the rock wall.
You feel less confused.
The orc throws a boomerang.
The boomerang misses the orc wizard.
The boomerang misses you. The orc wizard barely misses you.
Casting: Ensorcelled Hibernation (safe; 11% risk of failure)
Confirm with . or Enter, or press ? or * to list all spells.
Aiming: Ensorcelled Hibernation (safe; 11% risk of failure)
Press: ? - help, Shift-Dir - straight line, f/p - orc wizard
Aim: an orc wizard, wielding a +0 dagger and wearing a +0 robe (lightly wounded, slightly transparent, chance to affect: 43%)
The orc wizard resists with some effort.
The orc wizard misses you.
Unknown command.
You hit the orc wizard.
The orc wizard is lightly wounded.
The orc throws a boomerang.
The boomerang barely misses the orc wizard.
The boomerang hits you. The orc wizard barely misses you.
Casting: Ensorcelled Hibernation (safe; 11% risk of failure)
Confirm with . or Enter, or press ? or * to list all spells.
You don't have enough magic to cast this spell.
Unknown command.
The orc wizard casts a spell at you. The magic dart hits you!
You die...

..#.....### #..........
†.........## #...........
.......##..###...........#
.......+.....#...........#
.......#####.............#
.......# #...........
.......# #.....#####
.......# #.##......#
.......# #.###@###.# #.#
#)###.##### #.#
#.ooo...... #.#
####....... #. .......
....... #.####> .# .?


You could see an orc wizard (invisible).

Vanquished Creatures
  A jelly (D:3)
  3 adders
  A worm (D:3)
  A dart slug (D:2)
  2 orcs (D:3)
  6 endoplasms
  4 hobgoblins
  A jackal (D:1)
  4 kobolds
  5 quokkas
  4 ball pythons (D:1)
  6 bats
  5 frilled lizards
  7 goblins
  8 rats
58 creatures vanquished.

Notes
Turn   | Place    | Note
-------+----------+-------------------------------------------
     0 | D:1      | fozzywoppz the Spriggan Enchanter began the quest for the
                  | Orb.
     0 | D:1      | Reached XP level 1. HP: 9/9 MP: 5/5
   304 | D:1      | Reached XP level 2. HP: 9/13 MP: 6/6
   326 | D:1      | Learned a level 2 spell: Ensorcelled Hibernation
  1048 | D:2      | Reached XP level 3. HP: 16/16 MP: 5/8
  1190 | D:2      | Reached skill level 5 in Stealth
  1423 | D:2      | Learned a level 3 spell: Confusing Touch
  1427 | D:2      | Learned a level 3 spell: Tukima's Dance
  1783 | D:3      | Reached XP level 4. HP: 19/21 MP: 5/10
  1974 | D:3      | Found Sulan's Assorted Antiques.
  2000 | D:3      | Found Maunliargh's Magic Scroll Shop.
  2006 | D:3      | Found Syeq's Magic Scroll Shop.
  2009 | D:3      | Bought a scroll of identify for 20 gold pieces
  2211 | D:3      | Killed from afar by an orc wizard

Illustrated notes

Levels and vault maps discovered:
D:1:      dpeg_arrival_boxes_within_box, layout_loops_ring,
          minmay_indecisive_spiral
D:2:      layout_rooms, minmay_misc_feat_secret_circle
D:3:      layout_basic, serial_shops, nicolae_shop_advertising_works
          [nicolae_subvault_shop_adworks], nicolae_shop_tiny_statue_garden,
          shop, minmay_increasing_density

Skill      XL: |  1  2  3 |
---------------+----------+-----
Dodging        | 3 |  3.8
Spellcasting   | 3 |  3.6
Hexes          | 4 |  4.3
Stealth        | 5 |  5.5
Short Blades   | 2 |  2.3

Action                     |  1- 3 |  4- 6 || total
---------------------------+-------+-------++-------
  Melee: Dagger            |   130 |    33 ||   163
         Punch             |       |     1 ||     1
   Cast: Ensorcelled Hiber |    32 |    14 ||    46
    Use: Scroll            |       |     6 ||     6
   Stab: Sleeping          |    28 |     7 ||    35
         Distracted        |     1 |       ||     1
 Armour: Robe              |     7 |     3 ||    10
  Dodge: Dodged            |    71 |    35 ||   106
